 Dungeon Crawl Stone Soup version 0.27.1-4-g1640c2035a (webtiles) character file.

Game seed: 12648120580251495593

844 pkoi the Shooter (level 8, -9/69 HPs)
             Began as a Naga Hunter on Nov 13, 2021.
             Was a Believer of Cheibriados.
             Mangled by a kobold (18 damage)
             ... in a sewer.
             The game lasted 00:06:48 (4679 turns).

pkoi the Shooter (Naga Hunter)                      Turns: 4679, Time: 00:06:48

Health: -9/69      AC:  7    Str: 20    XL:     8   Next: 0%
Magic:  9/9        EV:  9    Int: 19    God:    Cheibriados [**....]
Gold:   133        SH:  0    Dex: 16    Spells: 7/7 levels left

rFire    . . .     SeeInvis +   b - +2 short sword (venom)
rCold    + . .     Faith    .   (no shield)
rNeg     . . .     Spirit   .   k - +2 ring mail {rC+}
rPois    +         Reflect  .   (no helmet)
rElec    .         Harm     .   u - scarf {repulsion}
rCorr    .         Rampage  .   (no gloves)
Will     +....                  (no barding)
Stlth    +.........             s - amulet of regeneration
HPRegen  1.21/turn              (no ring)
MPRegen  0.11/turn              (no ring)

@: repel missiles, very slow
A: AC +2, large, see invisible, deformed body, poison resistance, slowness 2,
spit poison 1, naga tail 1
a: Spit Poison, Renounce Religion, Bend Time


You were in a sewer.
You worshipped Cheibriados.
Cheibriados was pleased with you.
You visited 2 branches of the dungeon, and saw 6 of its levels.
You also visited: Sewer.

You collected 133 gold pieces.

Inventory:

Hand Weapons
 a - a +1 shortbow
 b - a +2 short sword of venom (weapon)
 j - a +0 short sword
Missiles
 d - 55 arrows
Armour
 c - a +0 leather armour
 k - a +2 ring mail of cold resistance (worn)
 t - a +0 cloak
 u - a scarf of repulsion (worn)
Jewellery
 s - an amulet of regeneration (around neck)
Scrolls
 f - a scroll of vulnerability {unknown}
 h - 2 scrolls of blinking {unknown}
 i - a scroll of brand weapon {unknown}
 l - a scroll of noise {unknown}
 n - 4 scrolls of identify {unknown}
 o - a scroll of enchant weapon {unknown}
 w - a scroll of magic mapping
Potions
 e - a potion of attraction {unknown}
 g - 3 potions of cancellation {unknown}
 m - a potion of lignification {unknown}
 p - a potion of mutation {unknown}
 q - 2 potions of heal wounds {unknown}
 r - a potion of haste {unknown}
 v - a potion of resistance {unknown}
 x - a potion of experience {unknown}


   Skills:
 + Level 3.1 Fighting
 + Level 7.6 Bows
 + Level 1.6 Armour
 + Level 2.5 Dodging
 - Level 1.5 Stealth
 + Level 2.3 Invocations


You had 7 spell levels left.
You didn't know any spells.
Your spell library contained the following spells:

 Spells                   Type           Power      Damage    Failure   Level
 Shock                    Conj/Air       0%         1d3       34%         1
 Swiftness                Air            0%         N/A       71%         3
 Airstrike                Air            0%         N/A       98%         4


Dungeon Overview and Level Annotations

Branches:
Dungeon (5/15)             Temple (1/1) D:4           Sewer (1/1)

Altars:
Ashenzari
Cheibriados
Dithmenos
Fedhas
Gozag
Hepliaklqana
Kikubaaqudgha
Makhleb
Nemelex Xobeh
Okawaru
Qazlal
Ru
Trog
Uskayaw
Vehumet
Wu Jian
Xom
Yredelemnul

Shops:
D:2 [


Innate Abilities, Weirdness & Mutations

Your serpentine skin is tough. (AC +2)
You have supernaturally acute eyesight. (SInv)
Armour fits poorly on your strangely shaped body.
Your system is resistant to poisons. (rPois)
You cover ground very slowly.
You can spit poison.
You have a snake-like lower body.


Message History

The kobold hits you with a +0 dagger.
* * * LOW HITPOINT WARNING * * *
The kobold brigand hits you with a +0 club.
* * * LOW HITPOINT WARNING * * *
You hit the kobold.
The kobold is poisoned.
The kobold is heavily wounded.
The kobold brigand hits you but does no damage.
The kobold hits you but does no damage. The kobold brigand closely misses you.
The kobold brigand hits you with a +0 whip.
* * * LOW HITPOINT WARNING * * *
You hit the kobold brigand.
The kobold brigand looks as sick as possible!
The kobold brigand is severely wounded.
The kobold closely misses you.
The kobold brigand hits you with a +0 club.
* * * LOW HITPOINT WARNING * * *
The kobold brigand hits you with a +0 whip.
* * * LOW HITPOINT WARNING * * *
The kobold hits you with a +0 dagger.
* * * LOW HITPOINT WARNING * * *
Unknown command.
You hit the kobold brigand.
The kobold brigand looks as sick as possible!
The kobold brigand is almost dead.
You kill the kobold brigand!
Cheibriados appreciates the change of pace.
You kill the kobold brigand!
Cheibriados thoroughly appreciates the change of pace.
Cheibriados raises the support of your attributes as your movement slows.
The kobold barely misses you.
Your Fighting skill increases to level 3!
Your Invocations skill increases to level 2!
You have reached level 8!
You feel clever.
You closely miss the kobold.
The kobold is severely wounded.
The kobold hits you with a +0 short sword.
* * * LOW HITPOINT WARNING * * *
The kobold hits you but does no damage. x2; You are electrocuted!!
You die...

#≈ ≈≈≈≈≈≈≈≈≈≈≈≈≈≈≈≈≈≈≈≈≈
# ≈≈≈≈≈≈≈≈≈≈≈≈≈≈≈≈≈≈≈≈≈
≈≈≈≈≈≈≈≈≈≈≈≈≈≈≈≈≈≈≈≈.
≈≈≈≈≈≈≈≈≈≈≈≈##.≈..≈≈
≈≈≈≈≈≈≈≈####....... ≈##
####≈≈≈≈..##.....##.
≈#!!#..#.............###
≈#?...K#............###.
#...K@......####......
≈#!...K#....### ##.....
≈#!?#..###### ###### ≈##
###


You could see 3 kobolds.

Vanquished Creatures
  2 ogres
  A phantom (D:3)
  3 kobold brigands (Sewer)
  A hound (D:3)
  An iguana (D:5)
  Natasha (thrice) (D:2)
  A hound skeleton (D:4)
  7 river rats
  7 adders
  An ufetubus (D:4)
  2 worms
  3 dart slugs
  4 orcs
  12 ball pythons
  4 endoplasms
  9 giant cockroaches
  6 goblins
  5 hobgoblins
  7 jackals
  13 kobolds
  3 quokkas
  5 bats
  3 frilled lizards
  28 rats
131 creatures vanquished.

Vanquished Creatures (others)
  A sky beast (D:5)
1 creature vanquished.

Grand Total: 132 creatures vanquished

Notes
Turn   | Place    | Note
-------+----------+-------------------------------------------
     0 | D:1      | pkoi the Naga Hunter began the quest for the Orb.
     0 | D:1      | Reached XP level 1. HP: 19/19 MP: 1/1
    69 | D:1      | Reached skill level 4 in Bows
    69 | D:1      | Reached XP level 2. HP: 26/26 MP: 2/2
   504 | D:1      | Reached XP level 3. HP: 30/32 MP: 3/3
   764 | D:2      | Noticed Natasha
   772 | D:2      | Killed Natasha
   820 | D:2      | Noticed Natasha
   833 | D:2      | Killed Natasha
   834 | D:2      | Reached skill level 5 in Bows
   834 | D:2      | Reached XP level 4. HP: 33/39 MP: 4/4
   950 | D:2      | Noticed Natasha
   958 | D:2      | Killed Natasha
  1191 | D:2      | Found Ewkeam's Armour Shop.
  1450 | D:2      | Reached XP level 5. HP: 40/45 MP: 5/5
  1868 | D:3      | Reached skill level 6 in Bows
  2348 | D:3      | Noticed a phantom
  2370 | D:3      | Killed a phantom
  2371 | D:3      | Reached XP level 6. HP: 13/52 MP: 6/6
  3114 | D:4      | Found a hide-covered altar of Uskayaw.
  3382 | D:4      | Found a staircase to the Ecumenical Temple.
  3394 | D:4      | Reached skill level 7 in Bows
  3399 | Temple   | Entered the Ecumenical Temple
  3843 | Temple   | Became a worshipper of Cheibriados the Contemplative
  4096 | D:4      | Found a burning altar of Makhleb.
  4133 | D:5      | Entered Level 5 of the Dungeon
  4140 | D:5      | Reached XP level 7. HP: 60/60 MP: 7/7
  4263 | D:5      | Reached skill level 1 in Invocations
  4271 | D:5      | Found a shimmering altar of Xom.
  4272 | D:5      | Found a sacrificial altar of Ru.
  4272 | D:5      | Found a bloodstained altar of Trog.
  4275 | D:5      | Found a broken altar of Ashenzari.
  4364 | D:5      | Found a glowing drain.
  4368 | Sewer    | Entered a sewer
  4432 | Sewer    | Reached * piety under Cheibriados
  4458 | Sewer    | Reached skill level 1 in Armour
  4563 | Sewer    | Reached ** piety under Cheibriados
  4679 | Sewer    | Reached XP level 8. HP: 9/69 MP: 9/9
  4679 | Sewer    | Mangled by a kobold

Illustrated notes

Levels and vault maps discovered:
D:1:      heliophobic_arrival_dark_side_of_the_moon, layout_basic
D:2:      layout_loops_cross, serial_shops,
          nicolae_shop_competitors_out_of_business, uniq_natasha
D:3:      layout_loops_ring
D:4:      layout_loops_ring, mainiacjoe_overflow_tiny_flanked,
          lightli_temple_of_fire, minmay_temple_entry_mini_moons,
          hangedman_decor_growths, minmay_crystal_room
D:5:      cheibrodos_thug_alley, layout_basic,
          mainiacjoe_overflow_concentric_impassable,
          chequers_temple_overflow_statue_of_worship, serial_shops,
          nicolae_shop_stone, gup_sewer_entry_spiral, lemuel_flame_loot_1
Temple:   minmay_temple_forest_path
Sewer:    sewer_minmay_treatment

Skill      XL: |  1  2  3  4  5  6  7 |
---------------+----------------------+-----
Bows           | 4 5 6 7 |  7.6
Invocations    | 2 |  2.3
Armour         | 1 |  1.6
Dodging        | 2 |  2.5
Fighting       | 3 |  3.1
Stealth        | |  1.5

Action                   |  1- 3 |  4- 6 |  7- 9 || total
-------------------------+-------+-------+-------++-------
Melee: Short sword       |     7 |   180 |   114 ||   301
 Fire: Shortbow          |    71 |     8 |    39 ||   118
  Use: Scroll            |       |       |     2 ||     2
Armor: Leather armour    |     4 |       |       ||     4
       Ring mail         |       |    93 |    98 ||   191
Dodge: Dodged            |    15 |    79 |    91 ||   185
       Repelled          |       |       |     1 ||     1
